 Dungeon Crawl Stone Soup version 0.27-a0-1590-g15f69828bf (webtiles) character file.

Game seed: 11011697038101739250

1235 Zonian the Conjurer (level 8, -2/39 HPs)
             Began as a Vine Stalker Conjurer on July 18, 2021.
             Was a Believer of Uskayaw.
             Engulfed by a steam dragon's steam (9 damage)
             ... on level 6 of the Dungeon.
             The game lasted 00:08:51 (8148 turns).

Zonian the Conjurer (Vine Stalker Conjurer)         Turns: 8148, Time: 00:08:53

Health: -2/39      AC:  6    Str: 10    XL:     8   Next: 49%
Magic:  0/15       EV: 13    Int: 19    God:    Uskayaw [**....]
Gold:   875        SH:  0    Dex: 14    Spells: 9/15 levels left

rFire    . . .     SeeInvis .   p - +1 dagger (drain)
rCold    . . .     Faith    .   (no shield)
rNeg     . . .     Spirit   +   a - +0 robe
rPois    .         Reflect  .   (no helmet)
rElec    .         Harm     .   (no cloak)
rCorr    .         Rampage  .   (no gloves)
Will     +....                  (no boots)
Stlth    +++.......             (no amulet)
HPRegen  1.13/turn              y - +4 ring of protection
MPRegen  0.14/turn              l - ring of flight

@: flying
A: fangs 3, regeneration 1, magic shield, antimagic bite, no potion heal 2
a: Renounce Religion, Stomp, Line Pass


You were on level 6 of the Dungeon.
You worshipped Uskayaw.
Uskayaw was noncommittal.
You visited 2 branches of the dungeon, and saw 8 of its levels.

You collected 875 gold pieces.

Inventory:

Hand Weapons
 c - a +0 dagger
 i - a +0 hunting sling
 k - a +0 dagger of holy wrath
 o - the +11 flail "Pontaak" {antimagic, Str+4}
   (You found it on level 5 of the Dungeon)

   It reduces the magical energy of the wielder, and disrupts the spells and
   magical abilities of those it strikes.
   Natural abilities and divine invocations are not affected.
   Str:       It affects your strength (+4).
 p - a +1 dagger of draining (weapon)
 t - a +2 short sword of distortion
Missiles
 j - 256 stones
 q - 15 boomerangs
Armour
 a - a +0 robe (worn)
Jewellery
 l - a ring of flight (right hand)
 y - a +4 ring of protection (left hand)
Wands
 g - a wand of flame (42)
 m - a wand of acid (6)
 s - a wand of paralysis (6)
 z - a wand of iceblast (19)
Scrolls
 d - a scroll of summoning
 e - a scroll of fear
 n - 2 scrolls of teleportation
 x - 3 scrolls of enchant weapon
 A - a scroll of identify
Potions
 b - a potion of ambrosia
 f - 2 potions of resistance
 h - 3 potions of attraction {unknown}
 r - 2 potions of flight {unknown}
 u - 2 potions of brilliance {unknown}
 v - a potion of degeneration {unknown}
 w - a potion of berserk rage {unknown}


   Skills:
 + Level 2.8 Fighting
 + Level 2.9 Short Blades
 + Level 3.3 Dodging
 + Level 5.2 Stealth
 + Level 4.1 Spellcasting
 + Level 6.0 Conjurations
 + Level 2.3 Hexes
 + Level 2.3 Invocations


You had 9 spell levels left.
You knew the following spells:

 Your Spells              Type           Power      Damage    Failure   Level
a - Magic Dart            Conj           100%       1d8       1%          1
b - Searing Ray           Conj           52%        3d5       1%          2
c - Dazzling Flash        Conj/Hex       38%        N/A       8%          3

Your spell library contained the following spells:

 Spells                   Type           Power      Damage    Failure   Level
 Fulminant Prism          Conj/Hex       9%         3d7       24%         4
 Iskenderun's Mystic Bla  Conj/Tloc      15%        2d5       36%         4
 Leda's Liquefaction      Hex/Erth       4%         N/A       63%         4
 Animate Dead             Necr           1%         N/A       80%         4
 Bolt of Magma            Conj/Fire/Erth 5%         4d5       86%         5
 Statue Form              Tmut/Erth      2%         N/A       100%        6
 Haunt                    Necr/Summ      1%         N/A       100%        7
 Infestation              Necr           1%         N/A       100%        8


Dungeon Overview and Level Annotations

Branches:
Dungeon (7/15)             Temple (1/1) D:5

Altars:
Ashenzari
Cheibriados
Dithmenos
Elyvilon
Fedhas
Gozag
Hepliaklqana
Kikubaaqudgha
Makhleb
Nemelex Xobeh
Okawaru
Qazlal
Ru
Sif Muna
Trog
Uskayaw
Vehumet
Wu Jian
Xom
Yredelemnul
Zin
The Shining One

Shops:
D:2 [

Annotations:
D:7 Dowan, Duvessa


Innate Abilities, Weirdness & Mutations

You have razor-sharp teeth.
Your natural rate of healing is unusually fast.
When hurt, damage is shared between your health and your magic reserves.
Your bite disrupts and absorbs the magic of your enemies.
Potions cannot restore your health.


Message History

Press: ? - help, Shift-Dir - straight line, f - steam dragon
Aim: a steam dragon (catching its breath, 79% to hit)
The searing ray hits the steam dragon.
The steam dragon is lightly wounded. (Press . to maintain the ray.)
The steam dragon barely misses you. The steam dragon misses you.
The searing ray hits the steam dragon!
The steam dragon is heavily wounded.
The steam dragon breathes steam at you. The ball of steam hits you!
Unknown command.
The searing ray misses the steam dragon.
You are engulfed in a cloud of scalding steam.
The steam dragon bites you.
The steam dragon claws you but does no damage.
Unknown command.
The searing ray hits the steam dragon.
The steam dragon is heavily wounded.
You finish channeling your searing ray.
You are engulfed in a cloud of scalding steam.
* * * LOW HITPOINT WARNING * * *
The steam dragon bites you!
* * * LOW HITPOINT WARNING * * *
The steam dragon barely misses you. The steam dragon closely misses you.
The steam dragon misses you.
Aiming: Corrosive Bolt
Press: ? - help, Shift-Dir - straight line, f/p - steam dragon
Aim: a steam dragon (heavily wounded, 71% to hit)
The bolt of acid hits the steam dragon!
The steam dragon is splashed with acid.
The acid corrodes the steam dragon!
The steam dragon is almost dead.
The steam dragon breathes steam at you. The ball of steam misses you.
You can now pass through a line of other dancers.
Aiming: Corrosive Bolt
Press: ? - help, Shift-Dir - straight line, f/p - steam dragon
Aim: a steam dragon (almost dead, catching its breath, covered in acid, 71% to hit)
The bolt of acid misses the steam dragon.
You are engulfed in a cloud of scalding steam.
You die...

#####..# #.##.#
#..# #.##.# #..#
#######.##.#
#..###..........#
#....#.#####.####
#..#.#.# #.#
#####..#.#.# #.#
.......#.#.# #.#
#..###.#.#.#####@#
#..###.........D§#
...........#######
#..######### #..#
...# ##.# ##.#
...#


You could see a steam dragon (catching breath, corroded).

Vanquished Creatures
  2 water moccasins (D:6)
  A sky beast (D:6)
  An ogre (D:6)
  A kobold brigand (D:4)
  A howler monkey (D:5)
  4 hounds
  A jelly (D:6)
  An orc priest (D:5)
  A bullfrog skeleton (D:6)
  2 iguanas
  4 orc wizards
  A killer bee zombie (D:5)
  2 howler monkey zombies (D:6)
  6 adders
  7 gnolls
  A shadow imp (D:5)
  3 white imps
  An ufetubus (D:4)
  A worm (D:5)
  2 dart slugs
  12 orcs
  4 ball pythons
  3 bats
  10 endoplasms
  3 giant cockroaches
  5 hobgoblins
  3 jackals (D:3)
  7 kobolds
  3 quokkas
  6 frilled lizards
  11 goblins
  5 rats
115 creatures vanquished.

Vanquished Creatures (others)
  A sky beast (D:6)
1 creature vanquished.

Grand Total: 116 creatures vanquished

Notes
Turn   | Place    | Note
-------+----------+-------------------------------------------
     0 | D:1      | Zonian the Vine Stalker Conjurer began the quest for the
                  | Orb.
     0 | D:1      | Reached XP level 1. HP: 9/9 MP: 4/4
   140 | D:1      | Reached XP level 2. HP: 11/13 MP: 0/6
   266 | D:1      | Learned a level 2 spell: Searing Ray
   606 | D:1      | Found a faded altar of an unknown god.
  1009 | D:1      | Reached XP level 3. HP: 16/16 MP: 4/7
  1722 | D:2      | Found Funil's Antique Armour Boutique.
  1821 | D:2      | Gained mutation: Your natural rate of healing is unusually
                  | fast. [Vine Stalker growth]
  1821 | D:2      | Reached XP level 4. HP: 21/21 MP: 0/8
  2032 | D:2      | Reached skill level 5 in Conjurations
  3539 | D:3      | Reached skill level 1 in Short Blades
  3539 | D:3      | Reached XP level 5. HP: 25/25 MP: 0/10
  4190 | D:3      | Reached skill level 1 in Fighting
  4780 | D:4      | Reached XP level 6. HP: 29/30 MP: 4/11
  5390 | D:5      | Entered Level 5 of the Dungeon
  5910 | D:5      | Identified a scroll of acquirement
  5910 | D:5      | Acquired 577 gold pieces
  5948 | D:5      | Identified the +11 flail "Pontaak" {antimagic, Str+4}
  5968 | D:5      | Found a staircase to the Ecumenical Temple.
  5973 | Temple   | Entered the Ecumenical Temple
  6133 | Temple   | Became a worshipper of Uskayaw the Reveller
  6138 | Temple   | Learned a level 3 spell: Dazzling Flash
  6167 | D:5      | Reached * piety under Uskayaw
  6169 | D:5      | Reached ** piety under Uskayaw
  6307 | D:5      | Reached XP level 7. HP: 34/34 MP: 5/13
  6321 | D:5      | Reached *** piety under Uskayaw
  6590 | D:5      | Found an iron altar of Okawaru.
  6796 | D:5      | Reached skill level 1 in Hexes
  6796 | D:5      | Reached skill level 1 in Invocations
  7623 | D:6      | Reached **** piety under Uskayaw
  7626 | D:6      | Gained mutation: You have razor-sharp teeth. [Vine Stalker
                  | growth]
  7626 | D:6      | Reached XP level 8. HP: 38/39 MP: 9/14
  7636 | D:6      | Reached ***** piety under Uskayaw
  7637 | D:6      | Reached skill level 5 in Stealth
  7794 | D:6      | Reached skill level 6 in Conjurations
  8131 | D:7      | Noticed Dowan
  8135 | D:7      | Noticed Duvessa
  8148 | D:6      | Engulfed by a steam dragon's steam

Illustrated notes

Levels and vault maps discovered:
D:1:      noname_arrival_rooms_in_the_neighbourhood, layout_basic,
          chequers_ecumenical_altar_simple
D:2:      layout_loops_corners, serial_shops, shop
D:3:      layout_loops_corners
D:4:      layout_loops_cross
D:5:      layout_cave_pools, okawaru_metal_pillars_1_2, temple_doors_ab,
          grunt_decor_clamped, kennysheep_crisscross
D:6:      layout_loops_ring
D:7:      cheibrodos_statue_roulette, layout_cave_pools, uniq_duvessa
Temple:   compressed_dpeg_triangle_lava_temple

Skill      XL: |  1  2  3  4  5  6  7  8 |
---------------+-------------------------+-----
Conjurations   | 5 6 |  6.0
Dodging        | 2 3 |  3.3
Stealth        | 3 4 5 |  5.2
Short Blades   | 1 2 |  2.9
Fighting       | 1 2 |  2.8
Spellcasting   | 3 4 |  4.1
Hexes          | 1 2 |  2.3
Invocations    | 1 2 |  2.3

Action                   |  1- 3 |  4- 6 |  7- 9 || total
-------------------------+-------+-------+-------++-------
Melee: Dagger            |     4 |    22 |    62 ||    88
       Bite              |       |     8 |    20 ||    28
 Cast: Magic Dart        |    63 |   119 |    64 ||   246
       Searing Ray       |     1 |     5 |     4 ||    10
Evoke: Wand              |       |       |     2 ||     2
  Use: Scroll            |       |    10 |     1 ||    11
       Potion            |       |     1 |       ||     1
 Stab: Paralysed         |       |       |     2 ||     2
       Distracted        |       |       |     1 ||     1
       Sleeping          |       |       |     3 ||     3
Armor: Robe              |       |     3 |    13 ||    16
Dodge: Dodged            |     4 |    24 |    48 ||    76

Table legend: (Time is in decaauts)
 A = Elapsed time spent in this place.
 B = Non-inter-level travel time spent in this place.
 C = Inter-level travel time spent in this place.
 D = Time resting spent in this place.
 E = Time spent auto-exploring this place.
 F = Levels seen in this place.
 G = Mean time per level.
                   A        B        C        D        E       F      G
               +--------+--------+--------+--------+--------+-----+--------+
         Total |   8140 |   7963 |    177 |   2273 |   4920 |   8 | 1017.5 |
       Dungeon |   7962 |   7798 |    164 |   2273 |   4771 |   7 | 1137.4 |
        Temple |    177 |    164 |     13 |      0 |    149 |   1 |  177.0 |
               +--------+--------+--------+--------+--------+-----+--------+

Top non-repeatable levels by time:
     D:1: 1599 daAuts
     D:4: 1552 daAuts
     D:3: 1403 daAuts
     D:2: 1315 daAuts
     D:5: 1171 daAuts
     D:6: 909 daAuts
  Temple: 177 daAuts
     D:7: 9 daAuts
